 Seeded DCSS version 0.28-a0-1567-g1695149f81 (webtiles) character file.

Game seed: 127 (custom seed)

1232 knot the Cleaver (level 8, -1/87 HPs)
             Began as a Demonspawn Berserker on Jan 19, 2022.
             Was a Believer of Trog.
             Engulfed by a steam dragon's steam (3 damage)
             ... on level 6 of the Dungeon.
             The game lasted 00:07:40 (9648 turns).

knot the Cleaver (Demonspawn Berserker)             Turns: 9648, Time: 00:07:41

Health: -1/87      AC:  6    Str: 18    XL:     8   Next: 24%
Magic:  17/17      EV: 12    Int: 11    God:    Trog [**....]
Gold:   445        SH:  0    Dex: 12    Spells: 7/7 levels left

rFire   . . .      SeeInvis .   a - +0 hand axe
rCold   . . .      Faith    .   (no shield)
rNeg    . . .      Spirit   .   b - +0 animal skin
rPois   .          Reflect  .   (no helmet)
rElec   .          Harm     .   l - +2 cloak
rCorr   .          Rampage  .   (no gloves)
Will    ++...                   v - +0 pair of boots
Stlth   ..........              (no amulet)
HPRegen 1.24/turn               D - ring of magical power
MPRegen 0.30/turn               (no ring)

@: berserking, strong-willed, regenerating, very quick
A: claws 2, magic regeneration
a: Renounce Religion, Berserk, Trog's Hand


You were on level 6 of the Dungeon.
You worshipped Trog.
Trog was pleased with you.
You visited 1 branch of the dungeon, and saw 6 of its levels.

You collected 445 gold pieces.

Inventory:

Hand Weapons
 a - a +0 hand axe (weapon)
Missiles
 c - 51 sling bullets
 d - 193 stones (quivered)
 m - 5 boomerangs
 o - 3 poisoned darts
 w - 2 javelins
Armour
 b - a +0 animal skin (worn)
 l - a +2 cloak (worn)
 v - a +0 pair of boots (worn)
Jewellery
 D - a ring of magical power (left claw)
Wands
 t - a wand of polymorph (13)
 y - a wand of acid (5)
 A - a wand of iceblast (9)
 B - a wand of paralysis (6)
Scrolls
 f - a scroll of enchant armour {unknown}
 h - 3 scrolls of teleportation {unknown}
 i - a scroll of torment {unknown}
 j - a scroll of blinking {unknown}
 n - 5 scrolls of identify {unknown}
 q - 2 scrolls of fog {unknown}
 r - a scroll of summoning {unknown}
 u - 2 scrolls of noise {unknown}
 z - 2 scrolls of magic mapping {unknown}
Potions
 e - 3 potions of lignification {unknown}
 g - a potion of might {unknown}
 k - a potion of degeneration {unknown}
 p - a potion of mutation {unknown}
 s - a potion of brilliance {unknown}
 x - a potion of magic {unknown}
 C - a potion of flight {unknown}
 E - a potion of curing {unknown}


   Skills:
 - Level 3.0 Fighting
 * Level 8.1 Axes
 * Level 4.8 Throwing
 - Level 1.7 Armour
 - Level 1.7 Dodging


You had 7 spell levels left.
You didn't know any spells.
Your spell library contained the following spells:

 Spells                   Type           Power      Damage    Failure   Level
 Foxfire                  Conj/Fire      0%         2x1d4     34%         1
 Summon Small Mammal      Summ           0%         N/A       34%         1
 Call Canine Familiar     Summ           0%         N/A       71%         3
 Conjure Flame            Conj/Fire      0%         6-21      71%         3
 Inner Flame              Hex/Fire       0%         N/A       71%         3
 Summon Guardian Golem    Hex/Summ       0%         N/A       71%         3
 Flame Wave               Conj/Fire      0%         2d4       98%         4


Dungeon Overview and Level Annotations

Branches:
Dungeon (6/15)
 Temple: D:4-7

Altars:
Ashenzari
Ru
Vehumet
Zin

Shops:
D:2 [[*((   D:4 [


Innate Abilities, Weirdness & Mutations

You have very sharp fingernails.
You regenerate magic rapidly.


Message History

The ball of steam hits you!
You hit the steam dragon.
The steam dragon is moderately wounded.
You are engulfed in a cloud of scalding steam.
The steam dragon bites you. The steam dragon closely misses you.
You hit the steam dragon but do no damage.
The steam dragon is moderately wounded.
You are engulfed in a cloud of scalding steam.
The steam dragon bites you.
* * * LOW HITPOINT WARNING * * *
The steam dragon claws you but does no damage.
Your skin crawls.
You feel strong-willed.
You are engulfed in a cloud of scalding steam.
A water moccasin comes into view.
The steam dragon bites you.
* * * LOW HITPOINT WARNING * * *
The steam dragon claws you but does no damage.
A red film seems to cover your vision as you go berserk!
You feel yourself moving faster!
You feel mighty!
The water moccasin hisses angrily.
The steam dragon breathes steam at you. The ball of steam hits you!
* * * LOW HITPOINT WARNING * * *
You barely miss the steam dragon.
The steam dragon is moderately wounded.
You are engulfed in a cloud of scalding steam.
* * * LOW HITPOINT WARNING * * *
Okay, then.
You slash the steam dragon!
The steam dragon is severely wounded.
You are engulfed in a cloud of scalding steam.
* * * LOW HITPOINT WARNING * * *
A sky beast comes into view.
The steam dragon closely misses you. The steam dragon claws you.
* * * LOW HITPOINT WARNING * * *
You barely miss the steam dragon.
The steam dragon is severely wounded.
You are engulfed in a cloud of scalding steam.
You die...

#...####.###..........
#...# #.####..###.###
##.## #.......# #.# #.#
######..###.# #.#
##+#...## ######†####
#...#### #.........#
#.....# #.####..#.#
#.......# ### #.....@#
#.........##..
#......D.+.........+...
#)....S###.........##.#
#..#...# ##.......###..
#......# ##.....## #..
........# ###
####.###.. ###### ..
#Y# #..... #..##..


You could see a steam dragon (catching breath), a water moccasin and a sky
beast.

Vanquished Creatures
  Edmund (D:5)
  2 sky beasts (D:6)
  2 centaurs (D:6)
  A water moccasin zombie (D:3)
  A scorpion (D:4)
  A water moccasin skeleton (D:4)
  2 centaur zombies
  A jelly (D:4)
  A gnoll shaman (D:4)
  Crazy Yiuf (D:4)
  2 bullfrog skeletons (D:6)
  A centaur skeleton (D:6)
  An iguana (D:4)
  2 orc wizards (D:5)
  A hound skeleton (D:4)
  A howler monkey zombie (D:6)
  8 gnolls
  9 adders
  An adder skeleton (D:4)
  A worm (D:3)
  3 dart slugs
  8 orcs
  8 ball pythons
  3 bats
  8 endoplasms
  2 giant cockroaches
  11 goblins
  10 hobgoblins
  2 quokkas
  5 frilled lizards
  13 kobolds
  3 rats
116 creatures vanquished.

Vanquished Creatures (others)
  5 plants (D:1)
5 creatures vanquished.

Grand Total: 121 creatures vanquished

Notes
Turn   | Place    | Note
-------+----------+-------------------------------------------
     0 | D:1      | knot the Demonspawn Berserker began the quest for the Orb.
     0 | D:1      | Reached XP level 1. HP: 18/18 MP: 1/1
    10 | D:1      | Found a faded altar of an unknown god.
   383 | D:1      | Reached skill level 3 in Axes
   466 | D:1      | Gained mutation: You have sharp fingernails. [demonic
                  | ancestry]
   466 | D:1      | Reached XP level 2. HP: 14/24 MP: 2/2
  1305 | D:1      | Reached ** piety under Trog
  1487 | D:2      | Found Buass's Weapon Boutique.
  1497 | D:2      | Reached XP level 3. HP: 26/29 MP: 3/3
  1603 | D:2      | Found Getil's Antique Weapon Boutique.
  1627 | D:2      | Reached skill level 4 in Axes
  2013 | D:2      | Found Tuomn's Armour Shoppe.
  2362 | D:2      | Found Lurim's General Store.
  2363 | D:2      | You fall into a shaft and drop 2 floors!
  2406 | D:3      | Reached XP level 4. HP: 22/35 MP: 4/4
  2746 | D:2      | Found Coumon's Antique Armour Shoppe.
  3910 | D:3      | Reached skill level 5 in Axes
  3910 | D:3      | Reached XP level 5. HP: 18/41 MP: 5/5
  5546 | D:4      | Reached skill level 6 in Axes
  5719 | D:4      | Found Weweg's Antique Armour Shoppe.
  5763 | D:4      | Found a broken altar of Ashenzari.
  5792 | D:4      | Gained mutation: You regenerate magic rapidly. [demonic
                  | ancestry]
  5792 | D:4      | Reached XP level 6. HP: 45/47 MP: 6/6
  5802 | D:4      | Found a radiant altar of Vehumet.
  5804 | D:4      | Identified the +8 mace "Hellblazer" {flame, rN+ rCorr Str+2
                  | Dex+2}
  6002 | D:4      | Found a runed translucent door.
  6003 | D:4      | Noticed Crazy Yiuf
  6027 | D:4      | Reached skill level 1 in Throwing
  6888 | D:4      | Killed Crazy Yiuf
  6967 | D:5      | Entered Level 5 of the Dungeon
  7090 | D:5      | Gained mutation: You have very sharp fingernails. [demonic
                  | ancestry]
  7090 | D:5      | Reached XP level 7. HP: 52/52 MP: 7/7
  7387 | D:5      | Noticed Edmund
  7412 | D:5      | Killed Edmund
  7413 | D:5      | Reached skill level 7 in Axes
  7895 | D:5      | Found a sacrificial altar of Ru.
  8787 | D:6      | Reached XP level 8. HP: 58/58 MP: 8/8
  9586 | D:6      | Reached skill level 8 in Axes
  9647 | D:6      | HP: 4/87 [steam dragon] (3)]
  9648 | D:6      | Engulfed by a steam dragon's steam

Illustrated notes

Levels and vault maps discovered:
D:1:      amcnicky_arrival_gap_in_the_tavern_cellar, layout_basic,
          ebering_ecumenical_altar_abandoned, serial_bayou_lagoon_a
D:2:      minmay_wonky_spiral, layout_basic, serial_shops,
          nicolae_lakefront_shop, shop, shop, shop, shop_fountains
D:3:      layout_basic, minmay_goblin_kobold_house
D:4:      kb_forest_paths, layout_basic, amcnicky_altar_gilded,
          lemuel_tele_altar, serial_shops, shop, hex_tiny,
          serial_bayou_crossing, uniq_crazy_yiuf_cottage
D:5:      layout_basic, nicolae_ru_sacrificial_ziggurat, minmay_fountain_box,
          uniq_edmund
D:6:      layout_loops_corners, zin_statuary, minmay_starry_boxes

Skill      XL: |  1  2  3  4  5  6  7  8 |
---------------+-------------------------+-----
Axes           | 3 4 5 6 7 8 |  8.1
Throwing       | 2 4 |  4.8
Fighting       | |  3.0
Armour         | |  1.7
Dodging        | |  1.7

Action                   |  1- 3 |  4- 6 |  7- 9 || total
-------------------------+-------+-------+-------++-------
Melee: Hand axe          |   119 |   234 |   162 ||   515
       Punch             |     4 |     4 |     2 ||    10
Throw: Stone             |       |    10 |       ||    10
Invok: Berserk           |     1 |     9 |     6 ||    16
       Trog's Hand       |       |     1 |     1 ||     2
 Stab: Sleeping          |       |     3 |     2 ||     5
       Distracted        |       |     2 |       ||     2
Armor: Animal skin       |    13 |    62 |    46 ||   121
Dodge: Dodged            |    66 |   124 |   104 ||   294

Table legend: (Time is in decaauts)
 A = Elapsed time spent in this place.
 B = Non-inter-level travel time spent in this place.
 C = Inter-level travel time spent in this place.
 D = Time resting spent in this place.
 E = Time spent auto-exploring this place.
 F = Levels seen in this place.
 G = Mean time per level.
                   A        B        C        D        E       F      G
               +--------+--------+--------+--------+--------+-----+--------+
         Total |   9818 |   9650 |    168 |   3397 |   5130 |   6 | 1636.3 |
       Dungeon |   9818 |   9650 |    168 |   3397 |   5130 |   6 | 1636.3 |
               +--------+--------+--------+--------+--------+-----+--------+

Top non-repeatable levels by time:
     D:3: 1974 daAuts
     D:4: 1820 daAuts
     D:2: 1798 daAuts
     D:6: 1564 daAuts
     D:1: 1502 daAuts
     D:5: 1157 daAuts
